 Dungeon Crawl Stone Soup version 0.29-a0-1043-g569b05d6ff (webtiles) character file.

Game seed: 3222378430709071466

108 SensoryNuts the Trooper (level 4, -2/35 HPs)
             Began as a Demonspawn Fighter on Aug 15, 2022.
             Shot with an arrow by a centaur (5 damage)
             ... on level 3 of the Dungeon.
             The game lasted 00:02:45 (3169 turns).

SensoryNuts the Trooper (Demonspawn Fighter)        Turns: 3169, Time: 00:02:46

Health: -2/35      AC:  7    Str: 19    XL:     4   Next: 58%
Magic:  4/4        EV:  9    Int:  9    God:
Gold:   87         SH:  4    Dex: 12    Spells: 3/3 levels left

rFire   . . .      SeeInvis .   h - +0 rapier (venom)
rCold   . . .      Faith    .   c - +0 buckler
rNeg    . . .      Spirit   .   b - +1 scale mail
rPois   .          Reflect  .   (helmet restricted)
rElec   .          Harm     .   (no cloak)
rCorr   .          Rampage  .   (no gloves)
Will    .....                   (no boots)
Stlth   ..........              (no amulet)
HPRegen 0.11/turn               (no ring)
MPRegen 0.09/turn               (no ring)

@: mighty
A: antennae 2
a: no special abilities


You were on level 3 of the Dungeon.
You visited 1 branch of the dungeon, and saw 3 of its levels.

You collected 87 gold pieces.

Inventory:

Hand Weapons
 a - a +0 long sword
 h - a +0 rapier of venom (weapon)
Armour
 b - a +1 scale mail (worn)
 c - a +0 buckler (worn)
Scrolls
 e - a scroll of enchant armour
 g - 4 scrolls of identify
 i - a scroll of teleportation
Potions
 f - a potion of curing {unknown}


   Skills:
 + Level 3.5 Fighting
 + Level 2.0(2.5) Short Blades
 + Level 2.2(2.6) Long Blades
 + Level 3.2 Armour
 + Level 0.3 Dodging
 + Level 0.1 Stealth
 + Level 3.0 Shields


You had 3 spell levels left.
You didn't know any spells.
Your spell library contained the following spells:

 Spells                   Type           Power      Damage    Failure   Level
 Sublimation of Blood     Necr           0%         N/A       94%         2
 Stone Arrow              Conj/Erth      0%         3d7       99%         3
 Animate Armour           Summ/Erth      0%         N/A       100%        4
 Petrify                  Tmut/Erth      0%         N/A       100%        4
 Irradiate                Conj/Tmut      0%         3d11      100%        5
 Lehudib's Crystal Spear  Conj/Erth      0%         10d2      100%        8


Dungeon Overview and Level Annotations

Branches:
Dungeon (3/15)

Altars:
Uskayaw


Innate Abilities, Weirdness & Mutations

You have a pair of antennae on your head.


Message History

No target in view!
HP restored.
As you open the door, it creaks loudly!
There is an open door here.
There is an open door here.
A hobgoblin comes into view.
The hobgoblin shouts!
A hobgoblin is nearby!
A hobgoblin is nearby!
A hobgoblin is nearby!
The hobgoblin barely misses you.
You hit the hobgoblin.
You kill the hobgoblin!
No target in view!
No target in view!
No target in view!
No target in view!
No target in view!
You see here a hobgoblin corpse.
Found a mace.
You see here a +0 mace.
You sense a monster nearby.
A centaur comes into view.
The centaur wields a +0 shortbow.
The centaur shoots an arrow.
The arrow hits you!
The centaur shoots an arrow.
The arrow hits you!
The centaur shoots an arrow.
The arrow hits you.
You are too injured to fight recklessly!
You are too injured to fight recklessly!
You are too injured to fight recklessly!
You are too injured to fight recklessly!
You are too injured to fight recklessly!
Okay, then.
You feel very mighty all of a sudden.
The centaur shoots an arrow.
The arrow hits you!
* * * LOW HITPOINT WARNING * * *
The centaur shoots an arrow.
The arrow hits you.
* * * LOW HITPOINT WARNING * * *
The centaur shoots an arrow.
The arrow hits you.
You die...

#.. ... ..# #.#
.c. #########
#.# ........#
#.# #######.#
#@# #####.#.#
{#.# ......#.#
#.# #####.#.#
#.# #####'#.#
#.##############
#.......#
#.#............#
#.......#
#.##.#########.#
#.......# #.##.#
#.....#.#
#.......# #.##.#
#.###.#.#


You could see a centaur.

Vanquished Creatures
  An orc priest (D:2)
  An adder (D:2)
  A worm (D:2)
  3 dart slugs
  2 orcs (D:2)
  4 ball pythons
  7 endoplasms
  5 giant cockroaches
  10 hobgoblins
  4 kobolds
  A quokka (D:1)
  A bat (D:3)
  2 frilled lizards
  4 goblins
  8 rats
54 creatures vanquished.

Vanquished Creatures (others)
  6 plants (D:1)
6 creatures vanquished.

Grand Total: 60 creatures vanquished

Notes
Turn   | Place    | Note
-------+----------+-------------------------------------------
     0 | D:1      | SensoryNuts the Demonspawn Fighter began the quest for the
                  | Orb.
     0 | D:1      | Reached XP level 1. HP: 18/18 MP: 1/1
   104 | D:1      | Discovered your monstrous ancestry.
   104 | D:1      | Gained mutation: You have a pair of small antennae on your
                  | head. [demonic ancestry]
   104 | D:1      | Reached XP level 2. HP: 23/24 MP: 2/2
  1041 | D:1      | Gained mutation: You have a pair of antennae on your head.
                  | [demonic ancestry]
  1041 | D:1      | Reached XP level 3. HP: 27/29 MP: 3/3
  1459 | D:2      | Reached skill level 1 in Short Blades
  2002 | D:2      | Reached XP level 4. HP: 28/35 MP: 4/4
  2879 | D:3      | Found a hide-covered altar of Uskayaw.
  3165 | D:3      | Noticed a centaur
  3169 | D:3      | Shot with an arrow by a centaur

Illustrated notes

Levels and vault maps discovered:
D:1:      giann_wishing_wells, layout_loops_corners, serial_forest,
          infiniplex_forest_clump_small, infiniplex_forest_lined_3,
          infiniplex_forest_clump_long, infiniplex_forest_lined_2,
          infiniplex_forest_clump_large, infiniplex_forest_lined_room_3,
          infiniplex_forest_lined_room_3, infiniplex_forest_lined_room_2,
          infiniplex_forest_clump_small, minmay_tripent
D:2:      layout_basic
D:3:      minmay_general_purpose_star, layout_basic,
          mainiacjoe_overflow_catwalk, hellmonk_ecumenical_altar_dog_temple

Skill      XL: |  1  2  3  4 |
---------------+-------------+-----
Armour         | 3 |  3.2
Long Blades    | 2 |  2.2
Shields        | 3 |  3.0
Short Blades   | 1 2 |  2.0
Fighting       | |  3.5
Dodging        | |  0.3
Stealth        | |  0.1

Action                   |  1- 3 |  4- 6 || total
-------------------------+-------+-------++-------
Melee: Long sword        |    17 |       ||    17
       Rapier            |    90 |    36 ||   126
  Use: Scroll            |     3 |       ||     3
       Potion            |     1 |     1 ||     2
Armor: Scale mail        |    23 |    14 ||    37
Dodge: Dodged            |    38 |     9 ||    47
Block: Buckler           |    22 |     3 ||    25

Table legend: (Time is in decaauts)
 A = Elapsed time spent in this place.
 B = Non-inter-level travel time spent in this place.
 C = Inter-level travel time spent in this place.
 D = Time resting spent in this place.
 E = Time spent auto-exploring this place.
 F = Levels seen in this place.
 G = Mean time per level.
                   A        B        C        D        E       F      G
               +--------+--------+--------+--------+--------+-----+--------+
         Total |   3193 |   3007 |    186 |      0 |   2642 |   3 | 1064.3 |
       Dungeon |   3193 |   3007 |    186 |      0 |   2642 |   3 | 1064.3 |
               +--------+--------+--------+--------+--------+-----+--------+

Top non-repeatable levels by time:
     D:2: 1435 daAuts
     D:1: 1415 daAuts
     D:3: 342 daAuts
